 Dungeon Crawl Stone Soup version 0.19-a0-1903-gead39cf (webtiles) character file.

241 JeffiDaFish the Skirmisher (level 6, -7/56 HPs)
             Began as a Hill Orc Fighter on Oct 20, 2016.
             Mangled by Sigmund
             ... wielding a +0 scythe
              (8 damage)
             ... on level 3 of the Dungeon.
             The game lasted 00:08:03 (2877 turns).

JeffiDaFish the Skirmisher (Hill Orc Fighter)       Turns: 2877, Time: 00:08:03

Health: -7/56      AC:  8    Str: 20    XL:     6   Next: 8%
Magic:  6/6        EV:  7    Int:  8    God:
Gold:   179        SH: 10    Dex: 11    Spells: 0 memorised, 5 levels left

rFire  . . .     SeeInvis .     a - +0 long sword
rCold  . . .     Gourm    .     b - +0 scale mail
rNeg   . . .     Faith    .     c - +1 shield
rPois  .         Spirit   .     i - +0 helmet
rElec  .         Reflect  .     (no cloak)
rCorr  .         Harm     .     (no gloves)
MR     .....                    (no boots)
Stlth  ..........               (no amulet)
                                (no ring)
                                (no ring)

@: no status effects
A: no striking features
a: no special abilities


You were on level 3 of the Dungeon.
You were not hungry.

You visited 1 branch of the dungeon, and saw 3 of its levels.

You collected 179 gold pieces.

Inventory:

Hand Weapons
 a - a +0 long sword (weapon)
Armour
 b - a +0 scale mail (worn)
 c - a +1 shield (worn)
 i - a +0 helmet (worn)
Scrolls
 j - 2 scrolls of remove curse
Potions
 d - a potion of might
Comestibles
 f - 3 bread rations
 k - a royal jelly
 l - 3 fruits


   Skills:
 + Level 5.0 Fighting
 + Level 4.4 Long Blades
 + Level 4.1 Armour
 + Level 0.5 Dodging
 + Level 4.2 Shields


You had 5 spell levels left.
You didn't know any spells.

Dungeon Overview and Level Annotations

Branches:
Dungeon (3/15)

Altars:
Cheibriados
Elyvilon
Hepliaklqana
Ru
Yredelemnul

Annotations:
D:3 Sigmund


Message History

You closely miss the iguana.
The iguana is moderately wounded.
The iguana barely misses you.
You riposte.
You slash the iguana!
The iguana is almost dead.
Something hits you but does no damage.
You barely miss the iguana.
The iguana is almost dead.
You block the iguana's attack. The iguana barely misses you.
You closely miss the iguana.
The iguana is almost dead.
Something hits you but does no damage. The iguana bites you!
* * * LOW HITPOINT WARNING * * *
Your shield prevents you from hitting the iguana.
The iguana is almost dead.
Something hits you but does no damage.
The iguana bites you but does no damage.
You barely miss the iguana.
The iguana is almost dead.
You block the iguana's attack. Something hits you!
You die...

#.#.P###.#..#.#
#.<.@).....# #
.....##.....#.#
###.####....## #
.....#####..#.# #...#
.....# # .#...##.....#.#
#.### .....# #
..P.#########.# #.# ####.#
# #######.......# #.# # # #
##..#########.# # #
#.............### #
#.#.#######)@...###########
#
#...........l.{...........#
#
###.#######.....#########.#
# #.# ####......#####.# #
#.# #..........#.# # #.#
############.###.#.# # #.#
#............# #.#.# # #.#
#.############ #.#.# # #.#
#.# #.#.###


You could see an iguana.

Vanquished Creatures
  Crazy Yiuf (D:2)
  Jessica (D:3)
  Natasha (twice) (D:3)
  5 adders
  3 worms
  2 dart slugs (D:3)
  2 leopard geckos (D:3)
  9 orcs
  9 bats
  3 giant cockroaches
  6 goblins
  3 hobgoblins
  7 jackals
  3 quokkas
  2 ball pythons (D:3)
  5 frilled lizards
  6 kobolds
  6 rats
75 creatures vanquished.

Notes
Turn   | Place    | Note
-------+----------+-------------------------------------------
     0 | D:1      | JeffiDaFish the Hill Orc Fighter began the quest for the Orb.
     0 | D:1      | Reached XP level 1. HP: 19/19 MP: 1/1
   140 | D:1      | Reached XP level 2. HP: 26/27 MP: 2/2
   185 | D:1      | Reached skill level 4 in Fighting
   540 | D:2      | Found a basalt altar of Yredelemnul.
   600 | D:2      | Reached XP level 3. HP: 33/33 MP: 3/3
   958 | D:2      | Found a white marble altar of Elyvilon.
   960 | D:2      | Found a sacrificial altar of Ru.
   960 | D:2      | Found a snail-covered altar of Cheibriados.
  1004 | D:2      | Found a hazy altar of Hepliaklqana.
  1041 | D:2      | Found a runed door.
  1045 | D:2      | Noticed Crazy Yiuf
  1054 | D:2      | Killed Crazy Yiuf
  1054 | D:2      | Reached XP level 4. HP: 27/41 MP: 0/4
  1873 | D:3      | Reached XP level 5. HP: 47/47 MP: 5/5
  1946 | D:3      | Noticed Natasha
  1952 | D:3      | Killed Natasha
  2042 | D:3      | Noticed Jessica
  2047 | D:3      | Killed Jessica
  2135 | D:3      | Noticed Natasha
  2139 | D:3      | Killed Natasha
  2139 | D:3      | Reached skill level 5 in Fighting
  2139 | D:3      | Reached XP level 6. HP: 51/56 MP: 6/6
  2463 | D:3      | Noticed Sigmund
  2487 | D:3      | HP: 1/56 [something/magic dart (8)]
  2875 | D:3      | HP: 1/56 [iguana (8)]
  2877 | D:3      | Mangled by Sigmund

Vault maps used:
D:1:      eino_arrival_water_star, minmay_tripent
D:2:      overflow_temple_1_default, chequers_temple_overflow_statue_of_worship,
          serial_bayou_pond_d, grunt_ministairs_10, kennysheep_cross_bottleneck,
          uniq_crazy_yiuf_cottage
D:3:      minmay_shallow_snake_nest, uniq_jessica, uniq_natasha, uniq_sigmund

Skill      XL: |  1  2  3  4  5 |
---------------+----------------+-----
Fighting       | 4 5 |  5.0
Long Blades    | 3 4 |  4.4
Shields        | 4 |  4.2
Armour         | 4 |  4.1
Dodging        | |  0.5

Action                   |  1- 3 |  4- 6 || total
-------------------------+-------+-------++-------
Melee: Long sword        |   136 |   164 ||   300
  Use: Potion            |     4 |     2 ||     6
       Scroll            |     4 |     3 ||     7
  Eat: Chunk             |     1 |     5 ||     6
       Fruit             |       |     2 ||     2
Armor: Scale mail        |   107 |    61 ||   168
Dodge: Dodged            |    68 |    34 ||   102
Block: Shield            |    98 |   100 ||   198
       Rpst.: Long sword |    15 |    12 ||    27
